 Dungeon Crawl Stone Soup version 0.29-a0-553-g81b289dbe5 (webtiles) character file.

Game seed: 2541766921423020454

11 frimble the Cudgeller (level 2, 0/26 HPs)
             Began as a Meteoran Cinder Acolyte on June 7, 2022.
             Was a High Priest of Ignis.
             Succumbed to an adder's poison
             ... on level 2 of the Dungeon.
             The game lasted 00:00:36 (304 turns).

frimble the Cudgeller (Meteoran Cinder Acolyte)      Turns: 304, Time: 00:00:37

Health: 0/26       AC:  2    Str: 15    XL:     2   Next: 52%
Magic:  1/5        EV: 11    Int: 15    God:    Ignis [*****.]
Gold:   22         SH:  0    Dex:  9    Spells: 2/4 levels left

rFire   + . .      SeeInvis .   a - -1 mace (flame)
rCold   . . .      Faith    .   (no shield)
rNeg    . . .      Spirit   .   b - +0 robe
rPois   .          Reflect  .   (no helmet)
rElec   .          Harm     .   (no cloak)
rCorr   .          Rampage  .   (no gloves)
Will    .....                   (no boots)
Stlth   +.........              (no amulet)
HPRegen 0.08/turn               (no ring)
MPRegen 0.09/turn               (no ring)

@: lethally poisoned (0 -> -7), glowing
A: sense surroundings 1, otherworldly, glowing, explore regen
a: Renounce Religion, Fiery Armour, Foxfire Swarm, Rising Flame


You were on level 2 of the Dungeon.
You worshipped Ignis.
Ignis was extremely pleased with you.
You visited 1 branch of the dungeon, and saw 2 of its levels.

You collected 22 gold pieces.

Inventory:

Hand Weapons
 a - a -1 mace of flaming (weapon)
 c - a +2 dagger of flaming
Armour
 b - a +0 robe (worn)
Scrolls
 d - a scroll of noise {unknown}
 g - a scroll of identify {unknown}
Potions
 e - a potion of invisibility {unknown}
 f - a potion of might {unknown}


   Skills:
 + Level 3.4 Fighting
 + Level 4.2 Maces & Flails
 + Level 1.8 Spellcasting
 + Level 3.8 Fire Magic


You had 2 spell levels left.
You knew the following spells:

 Your Spells              Type           Power      Damage    Failure   Level
a - Scorch                Fire           24%        2d6       7%          2

Your spell library contained the following spells:

 Spells                   Type           Power      Damage    Failure   Level


Dungeon Overview and Level Annotations

Branches:
Dungeon (2/15)

Altars:


Innate Abilities, Weirdness & Mutations

You passively map a small area around you.
You are easily found by Zot.
You glow in the dark.
You regain HP and MP as you explore.


Message History

You hit the adder. You burn the adder.
The adder is heavily wounded.
You feel sick. The adder closely misses you.
You hit the adder. You burn the adder.
The adder is almost dead.
You feel sick. The adder bites you.
You are more poisoned.
The adder poisons you! The adder barely misses you.
You miss the adder.
The adder is almost dead.
You feel sick.
The adder bites you but does no damage. x2
You closely miss the adder.
The adder is almost dead.
You feel sick. The adder closely misses you.
You miss the adder.
The adder is almost dead.
You feel sick. The adder bites you.
* * * LOW HITPOINT WARNING * * *
The adder closely misses you.
Casting: Scorch (safe; 7% risk of failure)
Confirm with . or Enter, or press ? or * to list all spells.
Okay, then.
Hit: a) -1 mace (flame)
Press: ? - help, Dir - move target, f - adder
Aim: an adder (almost dead, about 62% to evade your -1 mace of flaming)
Okay, then.
Unknown command.
You closely miss the adder.
The adder is almost dead.
You feel sick. The adder misses you.
Your magical contamination has completely faded away.
You closely miss the adder.
The adder is almost dead.
You feel sick. The adder completely misses you. The adder bites you.
* * * LOW HITPOINT WARNING * * *
You are lethally poisoned!
The adder poisons you!
You closely miss the adder.
The adder is severely wounded.
You die...

# #.#...........# ,..
###.#...........#
,#.##
'...#......######
....# #####......#
###.#.## * # #......#
#......#, # #......#
#.#.#.##
#.##########.......,
#............#.#.#..
############@†.....#*
#S#.#.#.# #.. ..,
#.#< .# #....,..* #.#
#. ## #.. .( ###, ##
* *


You could see an adder.

Vanquished Creatures
  A worm (D:2)
  A giant cockroach (D:1)
  A goblin (D:1)
  A hobgoblin (D:1)
  A quokka (D:1)
  2 kobolds
7 creatures vanquished.

Notes
Turn   | Place    | Note
-------+----------+-------------------------------------------
     0 | D:1      | frimble the Meteoran Cinder Acolyte began the quest for the
                  | Orb.
     0 | D:1      | Reached XP level 1. HP: 19/19 MP: 3/3
    42 | D:1      | Reached XP level 2. HP: 18/26 MP: 3/5
   205 | D:1      | Learned a level 2 spell: Scorch
   304 | D:2      | Succumbed to an adder's poison

Illustrated notes

Levels and vault maps discovered:
D:1:      lightli_arrival_isolated_outpost, layout_basic, serial_shops,
          nicolae_shop_trees, chequers_ecumenical_altar_simple_redux,
          minmay_misc_feat_x
D:2:      layout_basic, st_stairs_13

Action                   || total
-------------------------++-------
Melee: Mace              ||    29
       Punch             ||     1
 Cast: Scorch            ||     2
Armor: Robe              ||     8
Dodge: Dodged            ||    18

Table legend: (Time is in decaauts)
 A = Elapsed time spent in this place.
 B = Non-inter-level travel time spent in this place.
 C = Inter-level travel time spent in this place.
 D = Time resting spent in this place.
 E = Time spent auto-exploring this place.
 F = Levels seen in this place.
 G = Mean time per level.
                   A        B        C        D        E       F      G
               +--------+--------+--------+--------+--------+-----+--------+
         Total |    311 |    300 |     11 |      0 |    224 |   2 |  155.5 |
       Dungeon |    311 |    300 |     11 |      0 |    224 |   2 |  155.5 |
               +--------+--------+--------+--------+--------+-----+--------+

Top non-repeatable levels by time:
     D:1: 222 daAuts
     D:2: 89 daAuts
